 Dungeon Crawl Stone Soup version 0.19-a0-1071-g4ed3155 (webtiles) character file.

1241 4thArraOfDagon the Chopper (level 8, 0/71 HPs)
             Began as a Minotaur Abyssal Knight on Aug 5, 2016.
             Was a Priest of Lugonu.
             Slain by a five-headed hydra (11 damage)
             ... on level 2 of the Lair of Beasts.
             The game lasted 00:12:26 (2126 turns).

4thArraOfDagon the Chopper (MiAK)                   Turns: 2126, Time: 00:12:27

Health: 0/71       AC: 19    Str: 18    XL:     8   Next: 25%
Magic:  10/10      EV:  8    Int:  9    God:    Lugonu [***...]
Gold:   178        SH:  7    Dex: 16    Spells: 0 memorised, 7 levels left

rFire  . . .     SeeInvis .     z - +0 hand axe (freeze)
rCold  . . .     Gourm    .     d - +0 plate armour
rNeg   . . .     Faith    .     o - +0 shield
rPois  .         Spirit   .     n - +2 hat
rElec  .         Dismiss  .     q - +0 cloak
rCorr  .         Reflect  .     k - +0 pair of gloves
SustAt .         Harm     .     j - +1 pair of boots
MR     .....                    (no amulet)
Stlth  ..........               (no ring)
                                (no ring)

@: agile
A: retaliatory headbutt, horns 2
a: Depart the Abyss, Bend Space, Banish, Renounce Religion


You were on level 2 of the Lair of Beasts.
You worshipped Lugonu.
Lugonu was most pleased with you.
You were not hungry.

You visited 2 branches of the dungeon, and saw 13 of its levels.
You visited the Abyss 1 time.

You collected 178 gold pieces.

Inventory:

Hand Weapons
 a - a +1 hand axe
 z - a +0 hand axe of freezing (weapon)
Missiles
 i - 4 javelins (quivered)
Armour
 b - a +0 leather armour
 d - a +0 plate armour (worn)
 j - a +1 pair of boots (worn)
 k - a +0 pair of gloves (worn)
 n - a +2 hat (worn)
 o - a +0 shield (worn)
 q - a +0 cloak (worn)
Magical Staves
 e - an uncursed staff of wizardry {unknown}
Wands
 r - a wand of polymorph (3/24)
 t - a wand of random effects (27/48)
Scrolls
 f - a scroll of recharging
 h - a scroll of amnesia
 u - a scroll of magic mapping
 x - 2 scrolls of remove curse
Potions
 l - a potion of might
 s - 3 potions of curing
Books
 m - a book of the Dragon

   Spells                             Type                      Level
   a - Flame Tongue                   Conjuration/Fire             1
   b - Cause Fear                     Hexes                        4
   c - Bolt of Fire                   Conjuration/Fire             6
   d - Dragon Form                    Transmutation                7
   e - Dragon's Call                  Summoning                    9
 y - a book of Necromancy

   Spells                             Type                      Level
   a - Pain                           Necromancy                   1
   b - Animate Skeleton               Necromancy                   1
   c - Vampiric Draining              Necromancy                   3
   d - Regeneration                   Charms/Necromancy            3
   e - Animate Dead                   Necromancy                   4
   f - Control Undead                 Necromancy                   4
Miscellaneous
 v - a phantom mirror
Comestibles
 c - 2 bread rations
 p - 3 slices of pizza
 A - a beef jerky
 B - a meat ration


   Skills:
 + Level 6.4 Fighting
 * Level 7.9 Axes
 + Level 5.5 Armour
 - Level 1.1 Dodging
 + Level 4.8 Invocations


You had 7 spell levels left.
You didn't know any spells.

Dungeon Overview and Level Annotations

Branches:
Dungeon (11/15)              Lair (2/6) D:10
 Temple: D:4-7        Swamp: Lair:2-4    Shoals: Lair:2-4     Snake: Lair:2-4
 Spider: Lair:2-4       Orc: D:9-12

Altars:
Ashenzari
Nemelex Xobeh
Sif Muna

Annotations:
D:6 4thArraOfDagon's ghost, novice MiBe
D:9 Joseph; Pikel
Lair:1 Harold


Innate Abilities, Weirdness & Mutations

You reflexively headbutt those who attack you in melee.
You have a pair of horns on your head.


Message History

Your transformation has ended.
Your +0 hand axe of freezing unmelds from your body.
Your +0 cloak unmelds from your body.
Your +2 hat unmelds from your body.
Your +0 pair of gloves unmelds from your body.
Your +1 pair of boots unmelds from your body.
Your +0 shield unmelds from your body.
Your +0 plate armour unmelds from your body.
Your +0 hand axe of freezing glows with a cold blue light!
Found a bread ration.
Unknown command.
A river rat comes into view.
A river rat comes into view.
Unknown command.
Unknown command.
You feel agile all of a sudden. The five-headed hydra bites you.
* * * LOW HITPOINT WARNING * * *
The five-headed hydra bites you but does no damage.
The five-headed hydra bites you!
You die...

P####................
........................
........................
........................
........>...............
?...........F...#.#P..#
..#.##P........#..%...#.
..#.....P......#........
#............P@.....P.
......#.....SD......P.
#.$.........[Pr.....#.
.....................
.........r.P........
...#...............
.P................
..........PP#.#..
..............


You could see a five-headed hydra, a spiny frog, a water moccasin and 2 river
rats.

Vanquished Creatures
  4 water moccasins
  An ogre (D:11)
  4 giant frogs
  A big kobold (D:9)
  2 crimson imps
  2 hounds
  An orc priest (D:5)
  2 iguanas
  2 orc wizards
  2 worker ants
  A hound zombie (D:8)
  A hound skeleton (D:6)
  5 adders
  2 dart slugs
  8 orcs
  2 goblins
  3 hobgoblins
  5 jackals
  4 bats
  A giant newt (D:3)
  A jackal skeleton (D:8)
  15 kobolds
  3 rats
72 creatures vanquished.

Vanquished Creatures (others)
  A river rat (Lair:1)
  3 fungi
  2 plants (Lair:2)
6 creatures vanquished.

Grand Total: 78 creatures vanquished

Notes
Turn   | Place    | Note
-------+----------+-------------------------------------------
     0 | Abyss:1  | 4thArraOfDagon the Minotaur Abyssal Knight began the quest for the Orb.
     0 | Abyss:1  | Reached XP level 1. HP: 19/19 MP: 1/1
    52 | Abyss:1  | Noticed a raiju
    60 | D:1      | Escaped the Abyss
    86 | D:1      | Found a shattered altar of Ashenzari.
   111 | D:1      | Reached * piety under Lugonu
   194 | D:2      | Reached XP level 2. HP: 27/27 MP: 2/2
   203 | D:2      | Reached skill level 3 in Axes
   283 | D:2      | Reached XP level 3. HP: 18/33 MP: 3/3
   402 | D:3      | Found a sparkling altar of Nemelex Xobeh.
   465 | D:3      | Reached XP level 4. HP: 16/40 MP: 4/4
   591 | D:3      | Reached skill level 4 in Axes
   645 | D:5      | Entered Level 5 of the Dungeon
   662 | D:5      | Reached ** piety under Lugonu
   730 | D:5      | Reached XP level 5. HP: 47/47 MP: 4/6
   745 | D:5      | Reached skill level 5 in Axes
   764 | D:5      | Noticed a phantom
   772 | D:5      | You fall through a shaft!
   818 | D:6      | Reached XP level 6. HP: 10/55 MP: 7/7
   944 | D:6      | Reached skill level 5 in Fighting
   956 | D:6      | Noticed 4thArraOfDagon's ghost (novice MiBe)
  1211 | D:8      | Noticed an ice beast
  1216 | D:9      | Noticed a yak
  1216 | D:9      | Noticed a yak
  1217 | D:9      | Noticed a yak
  1218 | D:9      | Noticed a yak
  1220 | D:9      | Noticed a yak
  1242 | D:9      | Noticed a water moccasin
  1279 | D:10     | Entered Level 10 of the Dungeon
  1324 | D:11     | Reached skill level 6 in Axes
  1324 | D:11     | Reached XP level 7. HP: 35/61 MP: 8/8
  1362 | D:10     | Noticed a hill giant
  1369 | D:10     | Noticed a hill giant
  1382 | D:10     | Found a staircase to the Lair.
  1534 | D:9      | Found a deep blue altar of Sif Muna.
  1572 | D:9      | Noticed Pikel
  1618 | D:9      | Noticed Joseph
  1692 | D:9      | Reached *** piety under Lugonu
  1787 | D:9      | Reached skill level 7 in Axes
  1843 | D:11     | Noticed a komodo dragon
  1861 | Lair:1   | Entered Level 1 of the Lair of Beasts
  1861 | Lair:1   | Noticed Harold
  1962 | Lair:1   | Reached skill level 5 in Armour
  1966 | Lair:1   | Reached XP level 8. HP: 52/70 MP: 10/10
  2006 | Lair:1   | Noticed a blink frog
  2047 | Lair:2   | Noticed a five-headed hydra
  2078 | Lair:2   | Noticed a spiny frog
  2126 | Lair:2   | Slain by a five-headed hydra

Vault maps used:
D:1:      wheals_arrival_shading, kennysheep_flooded_box, ashenzari_altar_1
D:3:      nemelex_xobeh_ov_fountains_minmay, gammafunk_temple_overflow_claw
D:4:      gammafunk_temple_overflow_forgotten, marbit_many_paths,
          gammafunk_temple_overflow_statue, uniq_robin
D:5:      amethyst_overflow_temple_binary, first_bread,
          minmay_misc_feat_hallway, hangedman_abyss_or_decor_lesser_grid
D:7:      the_bakery
D:8:      grunt_decor_cap, kennysheep_generic_room_5
D:9:      led_sif_pool, kennysheep_island_fort, uniq_pikel, uniq_joseph
D:10:     dpeg_lair_monsters, uniq_erica
Lair:1:   st_stairs_10, grunt_megastairs_3, lemuel_fruit_tree, uniq_harold
Lair:2:   uniq_fannar

Skill      XL: |  1  2  3  4  5  6  7 |
---------------+----------------------+-----
Fighting       | 4 5 6 |  6.4
Axes           | 3 4 5 6 7 |  7.9
Invocations    | 2 3 4 |  4.8
Armour         | 3 4 5 |  5.5
Dodging        | |  1.1

Action                   |  1- 3 |  4- 6 |  7- 9 || total
-------------------------+-------+-------+-------++-------
Melee: Hand axe          |    61 |    22 |    46 ||   129
       Headbutt          |     4 |    15 |     7 ||    26
       War axe           |       |   107 |       ||   107
       Unarmed           |       |     6 |    27 ||    33
Invok: Depart the Abyss  |     1 |       |       ||     1
Evoke: Wand              |       |     3 |    11 ||    14
  Use: Potion            |     3 |     3 |     2 ||     8
       Scroll            |       |    10 |     4 ||    14
 Stab: Confused          |       |     1 |     1 ||     2
  Eat: Chunk             |       |     2 |       ||     2
       Royal jelly       |       |     1 |       ||     1
       Beef jerky        |       |     1 |       ||     1
Armor: Plate armour      |    75 |   163 |    34 ||   272
       Skin              |       |     6 |     5 ||    11
Dodge: Dodged            |    28 |    24 |    28 ||    80
Block: Shield            |       |    73 |    21 ||    94
